 Dungeon Crawl Stone Soup version 0.18-a0-373-gaf408bd (webtiles) character file.

8117 Duffy the Carver (level 11, 0/78 HPs)
             Began as a High Elf Assassin on Nov 29, 2015.
             Was an Elder of Dithmenos.
             Succumbed to an orc wizard's poison
             ... on level 1 of the Orcish Mines.
             The game lasted 00:24:58 (14967 turns).

Duffy the Carver (High Elf Assassin)               Turns: 14967, Time: 00:24:58

Health: 0/78       AC: 14    Str: 10    XL:     11   Next: 5%
Magic:  12/12      EV: 15    Int: 14    God:    Dithmenos [****..]
Gold:   447        SH:  0    Dex: 22    Spells: 0 memorised, 10 levels left

rFire  . . .     SeeInvis .     a - +1 long sword
rCold  . . .     Clarity  .     D - +2 ring mail {MR+}
rNeg   . . .     SustAt   .     (no shield)
rPois  .         Gourm    .     p - +0 helmet
rElec  .         Spirit   .     d - +0 cloak
rCorr  .         Warding  .     A - +2 pair of gloves
rMut   .         Stasis   .     l - +0 pair of boots
MR     +++..                    (no amulet)
Stlth  ++++......               (no ring)
                                y - ring of protection from magic

@: lethally poisoned (0 -> -19), wreathed by umbra, heavily drained, extremely
resistant to hostile enchantments, stealthy
A: no striking features
a: Shadow Step, Renounce Religion


You were on level 1 of the Orcish Mines.
You worshipped Dithmenos.
Dithmenos was greatly pleased with you.
You were hungry.

You visited 2 branches of the dungeon, and saw 11 of its levels.

You collected 531 gold pieces.
You spent 84 gold pieces at shops.


   Skills:
 + Level 8.7(6.7) Fighting
 - Level 2.8(6.9) Short Blades
 * Level 12.7(10.6) Long Blades
 - Level 2.0(0.3) Throwing
 - Level 4.2(2.5) Armour
 + Level 8.7(6.8) Dodging
 - Level 6.2(4.3) Stealth


You had 10 spell levels left.
You didn't know any spells.

Inventory:

Hand Weapons
 a - a +1 long sword (weapon)
 b - a +0 blowgun
 C - a +0 dagger of venom
 N - a +0 falchion of slicing
Missiles
 e - 11 poisoned needles
 E - a throwing net (quivered)
Armour
 d - a +0 cloak (worn)
 l - a +0 pair of boots (worn)
 p - a +0 helmet (worn)
 A - a +2 pair of gloves (worn)
 D - a +2 ring mail of magic resistance (worn)
 G - a troll hide {Snorg}
Jewellery
 y - a ring of protection from magic (left hand)
Wands
 c - a wand of magic darts (13)
 i - a wand of frost (35)
Scrolls
 j - 2 scrolls of enchant armour
 k - a scroll of enchant weapon
 m - a scroll of holy word
 r - a scroll of fear
 t - a scroll of random uselessness {unknown}
 u - 4 scrolls of remove curse
 z - a scroll of recharging
 B - a scroll of magic mapping {unknown}
 H - 2 scrolls of blinking {unknown}
 K - a scroll of teleportation {unknown}
 L - a scroll of fog {unknown}
Potions
 h - 4 potions of haste
 n - a potion of flight
 q - a potion of agility
 s - 2 potions of magic
 w - 2 potions of lignification
 x - 2 potions of curing
 F - 2 potions of heal wounds
 I - a potion of invisibility
Comestibles
 g - 7 bread rations
 o - 7 meat rations
 v - 4 beef jerkies
 J - 3 slices of pizza

Dungeon Overview and Level Annotations

Branches:
Dungeon (10/15)            Temple (0/1) D:5             Orc (1/4) D:9
   Lair: D:8-11

Altars:
Ashenzari
Dithmenos
Elyvilon
Fedhas
Gozag
Makhleb
Nemelex Xobeh
Okawaru
Trog
Yredelemnul
The Shining One
Beogh

Shops:
D:4 *   D:8 *

Annotations:
D:4 asdu's ghost, amateur OpIE
D:8 exclusion: ice beast
D:9 Erolcha
D:10 Duffy's ghost, journeyman HESk


Message History

You are too injured to fight recklessly!
You are too injured to fight recklessly!
You are too injured to fight recklessly!
You are too injured to fight recklessly!
You are too injured to fight recklessly!
You feel very sick.
You closely miss the orc.
You feel very sick.
You slash the orc wizard!
The orc wizard is almost dead.
You feel sick.
You slash the orc wizard!
You kill the orc wizard!
Dithmenos accepts your kill.
Dithmenos appreciates your extinguishing a source of fire.
You feel sick.
You hit the orc warrior but do no damage.
The orc warrior is severely wounded.
You feel sick.
The orc warrior hits you with a dire flail of draining!
You feel drained.
You closely miss the orc warrior.
The orc warrior is severely wounded.
You feel sick. The orc warrior misses you.
You hit the orc warrior but do no damage.
The orc warrior is severely wounded.
You feel sick.
You completely miss the orc warrior.
The orc warrior is severely wounded.
You feel sick.
The orc warrior hits you but does no damage.
You feel drained.
You completely miss the orc warrior.
The orc warrior is severely wounded.
You die...

..........##...####
.....$..........#.##
..)............#...#
...............##)##
......>.........#.##
#..................##
#.......(...........##
.............))##..(.#
..............)#@....##
.o............oo#.....#
...........).......#.##
...._......#........##
.......o..###......##
........#.####..####
...........##...#
........#...##.##
.........#).####


You could see an orc warrior and an orc.

Action                   |  1- 3 |  4- 6 |  7- 9 | 10-12 || total
-------------------------+-------+-------+-------+-------++-------
Melee: Dagger            |    54 |   322 |   141 |       ||   517
       Long sword        |       |       |   390 |   368 ||   758
 Fire: Blowgun           |    10 |     9 |    58 |    27 ||   104
Throw: Throwing net      |       |       |       |     1 ||     1
  Use: Scroll            |       |     6 |     8 |     5 ||    19
       Potion            |       |     2 |       |     1 ||     3
 Stab: Sleeping          |    17 |    19 |    19 |    12 ||    67
       Distracted        |     1 |       |    10 |     3 ||    14
  Eat: Chunk             |     1 |    13 |    19 |     6 ||    39
       Fruit             |       |       |       |     3 ||     3
       Royal jelly       |       |       |       |     2 ||     2

Notes
Turn   | Place    | Note
--------------------------------------------------------------
     0 | D:1      | Duffy the High Elf Assassin began the quest for the Orb.
     0 | D:1      | Reached XP level 1. HP: 14/14 MP: 2/2
   138 | D:1      | Reached XP level 2. HP: 8/19 MP: 3/3
   400 | D:1      | Reached skill level 5 in Stealth
   569 | D:1      | Reached skill level 2 in Dodging
   726 | D:1      | Reached XP level 3. HP: 24/24 MP: 4/4
  1451 | D:2      | Reached XP level 4. HP: 24/29 MP: 5/5
  1459 | D:2      | Reached skill level 3 in Dodging
  1655 | D:2      | Found a faded altar to an unknown god.
  1974 | D:3      | Found a shadowy altar of Dithmenos.
  1981 | D:3      | Became a worshipper of Dithmenos the Shadowed
  2158 | D:3      | Reached skill level 6 in Stealth
  2158 | D:3      | Reached XP level 5. HP: 28/34 MP: 6/6
  2326 | D:3      | Reached skill level 4 in Dodging
  2554 | D:3      | Noticed a phantom
  2601 | D:3      | Reached * piety under Dithmenos
  3497 | D:4      | Noticed an ogre
  3499 | D:4      | Killed an ogre
  3499 | D:4      | Reached skill level 3 in Fighting
  3499 | D:4      | Reached XP level 6. HP: 40/42 MP: 7/7
  3574 | D:4      | Reached skill level 5 in Dodging
  3635 | D:4      | Noticed asdu's ghost (amateur OpIE)
  3948 | D:4      | Found Quupto's General Store.
  3955 | D:4      | Bought a potion of agility for 48 gold pieces
  3955 | D:4      | Bought a potion of lignification for 36 gold pieces
  4961 | D:4      | Reached skill level 4 in Fighting
  5399 | D:4      | Reached skill level 1 in Long Blades
  5399 | D:4      | Reached XP level 7. HP: 46/48 MP: 8/8
  5602 | D:5      | Entered Level 5 of the Dungeon
  5777 | D:5      | Found a staircase to the Ecumenical Temple.
  5796 | D:5      | Found a shadowy altar of Dithmenos.
  5993 | D:5      | Reached ** piety under Dithmenos
  5993 | D:5      | Reached skill level 2 in Long Blades
  6327 | D:5      | Found a white marble altar of Elyvilon.
  6698 | D:6      | Reached skill level 3 in Long Blades
  6717 | D:6      | Reached skill level 6 in Dodging
  6718 | D:6      | Found an opulent altar of Gozag.
  6915 | D:6      | Reached skill level 4 in Long Blades
  6930 | D:6      | Reached XP level 8. HP: 30/54 MP: 9/9
  7123 | D:6      | Found a basalt altar of Yredelemnul.
  7206 | D:6      | Reached skill level 5 in Fighting
  7628 | D:5      | Reached skill level 5 in Long Blades
  8109 | D:7      | Found a blossoming altar of Fedhas.
  8114 | D:7      | Found a sparkling altar of Nemelex Xobeh.
  8121 | D:7      | Found a bloodstained altar of Trog.
  8337 | D:7      | Reached skill level 6 in Long Blades
  8545 | D:7      | Reached skill level 7 in Dodging
  8571 | D:7      | Noticed Crazy Yiuf
  8580 | D:7      | Killed Crazy Yiuf
  8745 | D:7      | Noticed a hill giant
  8803 | D:7      | Killed a hill giant
  8803 | D:7      | Reached skill level 6 in Fighting
  8803 | D:7      | Reached skill level 8 in Long Blades
  8803 | D:7      | Reached XP level 9. HP: 62/62 MP: 10/10
  8907 | D:7      | Found a shattered altar of Ashenzari.
  8907 | D:7      | Found a burning altar of Makhleb.
  8910 | D:7      | Found a glowing golden altar of the Shining One.
  9197 | D:8      | Reached *** piety under Dithmenos
  9211 | D:8      | Found Lirhodick's Assorted Antiques.
  9949 | D:9      | Reached skill level 9 in Long Blades
  9949 | D:9      | Reached skill level 8 in Dodging
 10049 | D:9      | Reached skill level 1 in Armour
 10277 | D:9      | Reached skill level 7 in Fighting
 10371 | D:9      | Reached skill level 10 in Long Blades
 10371 | D:9      | Reached skill level 2 in Armour
 10512 | D:9      | Found an iron altar of Okawaru.
 10764 | D:9      | Found a staircase to the Orcish Mines.
 11037 | D:9      | Reached XP level 10. HP: 71/71 MP: 11/11
 11265 | D:9      | Noticed Erolcha
 11358 | D:10     | Entered Level 10 of the Dungeon
 11505 | D:10     | Noticed Duffy's ghost (journeyman HESk)
 12202 | D:9      | Reached skill level 3 in Armour
 12315 | D:10     | Reached skill level 11 in Long Blades
 12889 | D:10     | Reached skill level 8 in Fighting
 13110 | D:10     | Noticed a hill giant
 13134 | D:10     | Killed a hill giant
 13134 | D:10     | Reached skill level 12 in Long Blades
 13134 | D:10     | Reached skill level 4 in Armour
 14349 | Orc:1    | Entered Level 1 of the Orcish Mines
 14349 | Orc:1    | Noticed Snorg
 14365 | Orc:1    | Killed Snorg
 14365 | Orc:1    | Reached XP level 11. HP: 78/78 MP: 12/12
 14408 | Orc:1    | Found a roughly hewn altar of Beogh.
 14744 | D:9      | Reached **** piety under Dithmenos
 14967 | Orc:1    | Succumbed to an orc wizard's poison

Vault maps used:
D:1:      onia_arrival_larder, kennysheep_decorative_pillar, minivault_25
D:2:      first_bread, ecumenical_altar_1
D:3:      grunt_dithmenos_smoke
D:4:      serial_shops, shop_fountains
D:5:      elyvilon_altar_4, minmay_temple_entry_trees, basic_altar,
          kennysheep_another_room
D:6:      old_standard_altar, basic_altar
D:7:      lemuel_ice_spiral_2, minitemple, uniq_crazy_yiuf_cottage
D:8:      serial_shops, shop
D:9:      david_orc_2, stair_cage_line, kennysheep_okawaru_gauntlet,
          uniq_erolcha
Orc:1:    basic_altar, uniq_snorg

Vanquished Creatures
  Snorg
  2 hill giants
  A gargoyle
  A centaur skeleton
  A two-headed ogre
  2 deep elf magi
  A wyvern
  3 yaks
  3 hippogriffs
  A necrophage
  2 water moccasins
  An eye of draining
  4 ogres
  A sky beast
  2 phantoms
  A centaur
  5 orc warriors
  A big kobold
  2 giant frogs
  A gnoll sergeant
  4 scorpions
  4 killer bees
  5 wights
  A giant frog zombie
  6 crimson imps Crazy Yiuf
  7 orc priests
  A jelly
  11 orc wizards
  3 giant frog skeletons
  10 hounds
  2 iguanas
  A gnoll shaman
  6 worker ants
  A killer bee zombie
  A worker ant zombie
  11 adders
  13 gnolls
  A shadow imp
  An ooze
  An adder zombie
  5 adder skeletons
  2 worms
  4 giant geckos
  52 orcs
  A ball python
  8 bats
  5 giant cockroaches
  9 hobgoblins
  6 jackals
  8 quokkas
  A ball python skeleton
  4 giant newts
  8 goblins
  8 kobolds
  19 rats
267 creatures vanquished.
